 Dungeon Crawl Stone Soup version 0.22.1-1-ga44c0e56f4 (webtiles) character file.

69 Masnef the Caller (level 4, -1/23 (24) HPs)
             Began as a Tengu Summoner on Oct 24, 2018.
             Slain by an ogre
             ... wielding a +0 giant club
              (17 damage)
             ... on level 2 of the Dungeon.
             The game lasted 00:02:30 (1044 turns).

Masnef the Caller (Tengu Summoner)                  Turns: 1044, Time: 00:02:31

HP:   -1/23 (24)    AC:  2    Str:  9    XL:     4   Next: 20%
MP:   4/8           EV: 13    Int: 16    God:
Gold: 66            SH:  0    Dex: 14    Spells: 1/7 levels left

rFire    . . .     SeeInvis .   f - +0 dagger
rCold    . . .     Gourm    .   (no shield)
rNeg     . . .     Faith    .   g - +0 robe (curse)
rPois    .         Spirit   .   (helmet restricted)
rElec    .         Reflect  .   (no cloak)
rCorr    .         Harm     .   (no gloves)
MR       .....                  (boots unavailable)
Stlth    ++........             (no amulet)
HPRegen  0.07/turn              h - ring of flight
MPRegen  0.11/turn              (no ring)

@: no status effects
A: beak, talons 3
a: Evoke Flight


You were on level 2 of the Dungeon.
You were not hungry.

You visited 1 branch of the dungeon, and saw 2 of its levels.

You collected 66 gold pieces.

Inventory:

Hand Weapons
 f - a +0 dagger (weapon)
Armour
 a - a +0 robe
 g - a cursed +0 robe (worn)
Jewellery
 h - a ring of flight (left hand)
Scrolls
 e - 6 scrolls of identify {unknown}
Potions
 b - a potion of invisibility {unknown}
 d - a potion of curing {unknown}
 i - a potion of magic {unknown}
Comestibles
 c - a ration


   Skills:
 + Level 0.1 Fighting
 + Level 2.6 Dodging
 - Level 2.0 Stealth
 + Level 2.0 Spellcasting
 + Level 6.5 Summonings


You had one spell level left.
You knew the following spells:

 Your Spells              Type           Power        Failure   Level  Hunger
a - Summon Small Mammal   Summ           ###.         1%          1    #......
b - Call Imp              Summ           ###.....     2%          2    ###....
c - Call Canine Familiar  Summ           ###.....     4%          3    ###....

Your spell library contained the following spells:

 Spells                   Type           Power        Failure   Level  Hunger
 Summon Guardian Golem    Hex/Summ       ##......     16%         3    ###....
 Summon Ice Beast         Ice/Summ       ##......     47%         4    #####..
 Summon Lightning Spire   Summ/Air       ##......     47%         4    #####..


Dungeon Overview and Level Annotations

Branches:
Dungeon (2/15)

Altars:


Innate Abilities, Weirdness & Mutations

You have a beak for a mouth.
You have claws for feet.


Message History

Confirm with . or Enter, or press ? or * to list all spells.
A shadowy apparition takes form in the air.
The bat hits you. The hobgoblin completely misses you.
The giant cockroach barely misses you.
Your shadow imp gestures at the hobgoblin.
The hobgoblin writhes in agony!
The hobgoblin dies!
The bat closely misses you.
Your shadow imp misses the hobgoblin.
The bat closely misses your shadow imp.
Your shadow imp hits the giant cockroach.
The giant cockroach dies!
Your shadow imp closely misses the bat.
The hobgoblin hits your shadow imp with a club.
Your shadow imp hits the hobgoblin.
The bat closely misses you.
Your shadow imp hits the hobgoblin.
The hobgoblin dies!
The bat barely misses you. The bat closely misses you.
The ogre hits you with a giant club!
Ouch! That really hurt!
You die...

#.....(...# #.........#
#.....)>..#
#..?..)...##. ..
#####5##.....#
##.####.....#####
....%...b.###
##.##...O.########......
###@...............
#......####.....
##.....# ... #.....#
##.. #...### #.. #.#..##
#.# #$##..# #.# #.###.#
##.# #.###..#


You could see an ogre, a bat and a friendly shadow imp.

Vanquished Creatures
  2 dart slugs (D:1)
  A leopard gecko (D:2)
  A ball python (D:1)
  2 goblins (D:1)
  2 hobgoblins (D:1)
  A kobold (D:1)
  A frilled lizard (D:1)
  A rat (D:1)
11 creatures vanquished.

Vanquished Creatures (collateral kills)
  A necrophage (D:2)
  2 giant cockroaches (D:2)
  A goblin (D:1)
  3 hobgoblins
  A bat (D:1)
8 creatures vanquished.

Grand Total: 19 creatures vanquished

Notes
Turn   | Place    | Note
-------+----------+-------------------------------------------
     0 | D:1      | Masnef the Tengu Summoner began the quest for the Orb.
     0 | D:1      | Reached XP level 1. HP: 10/10 MP: 4/4
   147 | D:1      | Reached skill level 5 in Summonings
   271 | D:1      | Reached XP level 2. HP: 13/15 MP: 6/6
   275 | D:1      | Learned a level 2 spell: Call Imp
   931 | D:2      | Noticed a necrophage
   960 | D:2      | Killed a necrophage
   960 | D:2      | Reached skill level 6 in Summonings
   960 | D:2      | Reached XP level 3. HP: 15/18 MP: 1/7
   960 | D:2      | Reached XP level 4. HP: 19/23 MP: 1/8
  1009 | D:2      | Learned a level 3 spell: Call Canine Familiar
  1037 | D:2      | Noticed an ogre
  1044 | D:2      | Slain by an ogre

Skill      XL: |  1  2 |
---------------+-------+-----
Summonings     | 5 6 |  6.5
Fighting       | |  0.1
Dodging        | |  2.6
Stealth        | |  2.0
Spellcasting   | |  2.0

Action                   |  1- 3 |  4- 6 || total
-------------------------+-------+-------++-------
Melee: Dagger            |    35 |     3 ||    38
       Kick              |    11 |       ||    11
       Unarmed           |     5 |       ||     5
       Peck              |     7 |     1 ||     8
 Cast: Summon Small Mamm |     5 |       ||     5
       Call Imp          |     4 |     2 ||     6
 Stab: Sleeping          |     1 |       ||     1
  Eat: Chunk             |       |     1 ||     1
Armor: Robe              |     7 |     2 ||     9
Dodge: Dodged            |    33 |    14 ||    47
